Workbook
Name \A: #REF!
Name \L: #REF!
Name \P: #REF!
Name \s: #REF!
Name ________________________APU465: [1]!absc
Name ________________________APU465: [1]!absc
Name _______________________APU221: #REF!
Name _______________________pj51: #REF!
Name ______________________APU221: #REF!
Name ______________________APU465: [1]!absc
Name ______________________APU465: [1]!absc
Name ______________________PJ50: #REF!
Name ______________________pj51: #REF!
Name _____________________APU221: #REF!
Name _____________________APU221: #REF!
Name _____________________APU465: [1]!absc
Name _____________________APU465: [1]!absc
Name _____________________PJ50: #REF!
Name _____________________pj51: #REF!
Name _____________________pj51: #REF!
Name ____________________APU221: #REF!
Name ____________________APU465: [1]!absc
Name ____________________APU465: [1]!absc
Name ____________________PJ50: #REF!
Name ____________________PJ50: #REF!
Name ____________________pj51: #REF!
Name ___________________APU221: #REF!
Name ___________________APU465: [1]!absc
Name ___________________APU465: [1]!absc
Name ___________________PJ50: #REF!
Name ___________________PJ50: #REF!
Name ___________________pj51: #REF!
Name __________________APU221: #REF!
Name __________________APU465: [1]!absc
Name __________________APU465: [1]!absc
Name __________________PJ50: #REF!
Name __________________PJ50: #REF!
Name __________________pj51: #REF!
Name _________________APU221: #REF!
Name _________________APU465: [1]!absc
Name _________________APU465: [1]!absc
Name _________________PJ50: #REF!
Name _________________PJ50: #REF!
Name _________________pj51: #REF!
Name ________________APU221: #REF!
Name ________________APU465: [1]!absc
Name ________________APU465: [1]!absc
Name ________________PJ50: #REF!
Name ________________PJ50: #REF!
Name ________________pj51: #REF!
Name _______________AFC1: [2]INV!$A$25:$D$28
Name _______________AFC3: [2]INV!$F$25:$I$28
Name _______________AFC5: [2]INV!$K$25:$N$28
Name _______________APU221: #REF!
Name _______________APU465: [1]!absc
Name _______________APU465: [1]!absc
Name _______________BGC1: [2]INV!$A$5:$D$8
Name _______________BGC3: [2]INV!$F$5:$I$8
Name _______________BGC5: [2]INV!$K$5:$N$8
Name _______________CAC1: [2]INV!$A$19:$D$22

Sheet INDICE
A1: INSTITUTO NACIONAL DE VÍAS DIRECCIÓN TÉCNICA
A2: ITEM | B2: DESCRIPCION ACTIVIDAD | C2: UNIDAD | D2: COSTO TOTAL (Moneda $ Pesos)
A3: 200.1 | B3: DESMONTE Y LIMPIEZA EN BOSQUE | C3: Ha | D3: 3028765.8
A4: 200.2 | B4: DESMONTE Y LIMPIEZA EN ZONAS NO BOSCOSAS | C4: Ha | D4: 213795.17
A5: 201.1 | B5: DEMOLICIÓN DE EDIFICACIONES | C5: gl | D5: 154292.07
A6: 201.2 | B6: DEMOLICIÓN DE ESTRUCTURAS | C6: gl | D6: 157236.43
A7: 201.3 | B7: DEMOLICIÓN DE PAVIMENTOS RÍGIDOS, PISOS, ANDENES Y BORDILLOS DE CONCRETO | C7: gl | D7: 36834.516
A8: 201.4 | B8: DEMOLICIÓN DE OBSTÁCULOS | C8: gl | D8: 53022.818
A9: 201.5 | B9: DEMOLICIÓN DE EDIFICACIONES | C9: Unidad | D9: 154292.07
A10: 201.6 | B10: DEMOLICIÓN DE ESTRUCTURAS | C10: Unidad | D10: 157236.43
A11: 201.7 | B11: DEMOLICIÓN DE ESTRUCTURAS | C11: m3 | D11: 154521.37
A12: 201.8 | B12: DEMOLICIÓN DE PAVIMENTOS RÍGIDOS | C12: m2 | D12: 15486.695
A13: 201.9 | B13: DEMOLICIÓN DE PISOS Y ANDENES DE CONCRETO | C13: m2 | D13: 15235.191
A14: 201.10 | B14: DEMOLICIÓN DE BORDILLOS DE CONCRETO | C14: m | D14: 5712.8015
... A320: 900.3 | B320: TRANSPORTE DE MATERIALES PROVENIENTES DE DERRUMBES, MEDIDO A PARTIR DE CIEN METROS (100 M) | C320: m3/km | D320: 1197.6414

Sheet OBRA
E2: INSTITUTO NACIONAL DE VIAS
E3: TERRITORIAL NORTE DE SANTANDER
E4: MINIMA CUANTÍA
E6: OBJETO DEL PROCESO:
E7: OBRAS DE SEÑALIZACION HORIZONTAL Y VERTICAL DE LA CARRETERA 7009 ACCESO A CÚCUTA Y VENEZUELA, SECTOR SARDINATA - EL ZULIA DEL PR0+0000 - PR57+0600, CARRETERA 7009A CONEXIONES TRONCAL CENTRAL - TRONCAL CENTRAL DEL NORTE, SECTOR CORNEJO - ZULIA DEL PR70+0000 AL PR75+0000 Y CARRETERA 55NS08 CONEXIONES TRONCAL CENTRAL - TRONCAL CENTRAL DEL NORTE, SECTOR SAN CAYETANO -CORNEJO DEL PR25+0000 AL PR33+0000, DIRECCIÓN TERRITORIAL NORTE DE SANTANDER.
K10: PLAZO: 2 MESES
B12: No | C12: ITEM DE PAGO | D12: ESPECIFICACIONES | F12: Grupo o | G12: DESCRIPCION | H12: UNID | I12: CANTIDAD | J12: VALOR UNITARIO | K12: VALOR TOTAL
D13: GENERAL | E13: PARTICULAR | F13: Indice de
F14: Ajustes
B15: SEÑALIZACION Y SEGURIDAD VIAL | K15: =SUM(K16:K18) -> 99274532
B16: 1 | C16: 700.1 | D16: 700-22 | G16: LÍNEA DE DEMARCACIÓN CON PINTURA EN FRIO | H16: M | I16: 13798.669 | J16: ='700.1'!N110 -> 3221.9832 | K16: =ROUND(I16*J16,0) -> 44459080
B17: =B16+1 -> 2 | C17: 700.3 | D17: 700-22 | G17: MARCA VIAL CON PINTURA EN FRÍO | H17: M2 | I17: 780.76 | J17: ='700.3'!N110 -> 45351.508 | K17: =ROUND(I17*J17,0) -> 35408643
B18: =B17+1 -> 3 | C18: 710.1 | D18: 710-22 | G18: SEÑAL VERTICAL DE TRANSITO GRUPO I CON LAMINA RETROREFLECTIVA TIPO III (75 x 75 CM) | H18: U | I18: 20 | J18: ='710.1.1'!N110 -> 970340.44 | K18: =ROUND(I18*J18,0) -> 19406809
I19: SUBTOTAL OBRAS | K19: =SUM(K15:K18)/2 -> 99274532
B20: VALOR TOTAL BÁSICO DE OBRAS | K20: =+K19 -> 99274532
B21: VALOR IVA (OBRA) (19% SOBRE UTILIDAD OBRA) | K21: =ROUND((+K20/(1+K29)*K28*0.19),0) -> 725468
B22: SUBTOTAL OBRAS (INCLUYE IVA) | K22: =+K20+K21 -> 100000000
B23: VALOR TOTAL DEL CONTRATO | K23: =+K22 -> 100000000
B24: VALOR TOTAL EN LETRAS | G24: NOVENTA Y NUEVE MILLONES NOVECIENTOS NOVENTA Y OCHO MIL TRECIENTOS TRES MIL PESOS
B25: NOTA 1: Teniendo en cuenta el Manual de Señalización Vial - Dispositivos para la Regulación del Tránsito en Calles, Carreteras y Ciclorrutas de Colombia, adoptado mediante Resolución No. 1885 del 17 de junio de 2015 del Ministerio de Transporte, se aclara que el aparte de SEÑALIZACIÓN se debe ajustar a todo su contenido, esta señalización debe colocarse desde la órden de iniciación del contrato. | H25: DESCRIPCION | K25: PORCENTAJE
B26: NOTA 2: El control de tráfico temporal y la señalización provisional necesarios para la ejecución de las obras será por cuenta y riesgo del contratista. | H26: ADMINISTRACION | J26: A= | K26: 0.2
B27: NOTA 3: Se debe tener en cuenta que el PRECIO UNITARIO incluye el valor de A.I.U. | H27: IMPREVISTO | J27: I= | K27: 0.05
B28: NOTA 4: Si el valor del A.I.U. presentado es menor al OCHENTA Y CINCO por ciento (85%) o mayor al Ciento diez por ciento (110%) del Valor Oficial del Porcentaje de A.I.U., establecido en el formulario No 1 "presupuesto oficial", la propuesta será rechazada | H28: UTILIDAD | J28: U= | K28: 0.05
B29: NOTA 5: Las OBRAS COMPLEMENTARIAS Y/O ADICIONALES incluyen las obras ambientales del PAGA, las cuales se pagarán por precios unitarios, previamente revisados y aprobados por la Interventoría, y revisados por la Subdirección de Sostenibilidad y la Unidad Ejecutora respectiva. | H29: TOTAL A.I.U | J29: A.I.U.= | K29: =SUM(K26:K28) -> 0.3
B30: NOTA 6. Cuando la fracción decimal del peso sea igual o superior a 5 se aproximara por exceso al número entero siguiente del peso y cuando la fracción decimal del peso sea inferior a 5 se aproximará por defecto al número entero del peso.
B31: NOTA 7. El A.I.U y su discriminación deben estar en porcentaje (%).
C39: FIRMA DEL PRONONENTE | H39: NOMBRE DEL PROPONENTE

Sheet 201,7
A1: REPUBLICA DE COLOMBIA
A2: INSTITUTO NACIONAL DE VÍAS | E2: ANÁLISIS DE PRECIOS UNITARIOS
A3: TERRITORIAL NORTE DE SANTANDER
A5: CARRETERA : | B5: 55NS09 - CUCUTA - DOS RIOS - SAN FAUSTINO - LA CHINA | G5: ESPECIFICACIÓN: 201.7
A6: ITEM: DEMOLICION DE ESTRUCTURAS (CONCRETO REFORZADO) | G6: UNIDAD : M³
A8: I. EQUIPO
A9: Descripción | D9: Tipo | E9: Tarifa/Hora | F9: Rendimiento | G9: Valor-Unit.
A10: Compresor 120 HP, con martillo. | E10: 70000 | F10: 3 | G10: =+E10/F10 -> 23333.333
A11: Equipo de oxicorte, Capacidad de corte: hasta 6" (152mm) | E11: 20000 | F11: =+F10 -> 3 | G11: =+E11/F11 -> 6666.6667
A12: Cargador : Potencia en el volante 125 hp, Clasificación de RPM del motor 2300. | E12: 145000 | F12: 15 | G12: =+E12/F12 -> 9666.6667
A13: HERRAMIENTA MENOR (10%MO) | G13: =+H41*0.1 -> 693.75
G17: Sub-Total | H17: =SUM(G10:G16) -> 40360.417
A18: II. MATERIALES EN OBRA
A19: Descripción | D19: Unidad | E19: Precio-Unit. | F19: Cantidad | G19: Valor-Unit.
G25: Sub-Total | H25: =SUM(G20:G24) -> 0
A26: III. TRANSPORTES
A27: Material | C27: Vol-peso ó Cant. | D27: Distancia | E27: M3-Km | F27: Tarifa | G27: Valor-Unit.
A28: MATERIAL DE DEMOLICION | C28: 1.25 | D28: 5 | E28: =+D28*C28 -> 6.25 | F28: 1250 | G28: =+F28*E28 -> 7812.5
G32: Sub-Total | H32: =SUM(G28:G31) -> 7812.5
A33: IV. MANO DE OBRA
A34: Trabajador | C34: Jornal | D34: Prestaciones | E34: Jornal Total | F34: Rendimiento | G34: Valor-Unit.
A35: OBREROS (3) | C35: 90000 | D35: 1.85 | E35: =+C35*D35 -> 166500 | F35: =+F10*8 -> 24 | G35: =+E35/F35 -> 6937.5
G41: Sub-Total | H41: =SUM(G35:G40) -> 6937.5
E43: Total Costo Directo | H43: =H17+H25+H32+H41 -> 55110.417
A44: V. COSTOS INDIRECTOS
A45: Descripción | F45: Porcentaje | G45: Valor Total
A46: ADMINISTRACION | F46: 0.2 | G46: =+F46*H43 -> 11022.083
A47: IMPREVISTOS | F47: 0.05 | G47: =+F47*H43 -> 2755.5208
A48: UTILIDAD | F48: 0.05 | G48: =+F48*H43 -> 2755.5208
G49: Sub-Total | H49: =SUM(G46:G48) -> 16533.125
D51: Precio unitario total aproximado al peso | H51: =ROUND((H43+H49),0) -> 71644

Sheet 330,4
A1: REPUBLICA DE COLOMBIA
A2: INSTITUTO NACIONAL DE VÍAS | E2: ANÁLISIS DE PRECIOS UNITARIOS
A3: TERRITORIAL NORTE DE SANTANDER
A5: CARRETERA : | B5: 55NS09 - CUCUTA - DOS RIOS - SAN FAUSTINO - LA CHINA | G5: ESPECIFICACIÓN: 330.4
A6: ITEM: BASE GRANULAR PARA BACHEO CLASE A CBR ≥ 95 BG 27 | G6: UNIDAD : M3
A8: I. EQUIPO
A9: Descripción | D9: Tipo | E9: Tarifa/Hora | F9: Rendimiento | G9: Valor-Unit.
A10: Vibrocompactador, tipo benitìn, de peso 700 kg a 1.5 toneladas | E10: 0 | F10: 4 | G10: =+E10/F10 -> 0
A11: Volqueta 6 m3 | E11: 60000 | F11: 4 | G11: =+E11/F11 -> 15000
A12: HERRAMIENTA MENOR (5%) | G12: =+H40*0.05 -> 650.39062
G15: Sub-Total | H15: =SUM(G10:G14) -> 15650.391
A16: II. MATERIALES EN OBRA
A17: Descripción | D17: Unidad | E17: Precio-Unit. | F17: Cantidad | G17: Valor-Unit.
A18: Material de base CLASE A (gradación gruesa BG 27) | D18: M³ | E18: 30000 | F18: 1.25 | G18: =+F18*E18 -> 37500
A19: Agua | D19: LT | E19: 60 | F19: 30 | G19: =+F19*E19 -> 1800
G25: Sub-Total | H25: =SUM(G18:G24) -> 39300
A26: III. TRANSPORTES
A27: Material | C27: Vol-peso ó Cant. | D27: Distancia | E27: M3-Km | F27: Tarifa | G27: Valor-Unit.
A28: DISTANCIA SUMINISTRO BASES SUB BASES AFIRMADOS | C28: =+F18 -> 1.25 | D28: 20 | E28: =C28*D28 -> 25 | F28: 1250 | G28: =+F28*E28 -> 31250
G32: Sub-Total | H32: =SUM(G28:G31) -> 31250
A33: IV. MANO DE OBRA
A34: Trabajador | C34: Jornal | D34: Prestaciones | E34: Jornal Total | F34: Rendimiento | G34: Valor-Unit.
A35: OBREROS (4) | C35: 120000 | D35: 1.85 | E35: =+D35*C35 -> 222000 | F35: =+F10*8 -> 32 | G35: =+E35/F35 -> 6937.5
A36: OFICIAL | C36: 45000 | D36: 1.85 | E36: =+D36*C36 -> 83250 | F36: =+F35 -> 32 | G36: =+E36/F36 -> 2601.5625
A37: PALETEROS (2) | C37: 60000 | D37: 1.85 | E37: =+D37*C37 -> 111000 | F37: =+F36 -> 32 | G37: =+E37/F37 -> 3468.75
G40: Sub-Total | H40: =SUM(G35:G39) -> 13007.812
E42: Total Costo Directo | H42: =H15+H25+H32+H40 -> 99208.203
A43: V. COSTOS INDIRECTOS
A44: Descripción | F44: Porcentaje | G44: Valor Total
A45: ADMINISTRACION | F45: 0.2 | G45: =+F45*H42 -> 19841.641
A46: IMPREVISTOS | F46: 0.05 | G46: =+F46*H42 -> 4960.4102
A47: UTILIDAD | F47: 0.05 | G47: =+F47*H42 -> 4960.4102
G48: Sub-Total | H48: =SUM(G45:G47) -> 29762.461
D50: Precio unitario total aproximado al peso | H50: =ROUND((H42+H48),0) -> 128971

Sheet 700.1
K1: CÓDIGO | L1: FR-APU-1
C2: INSTITUTO NACIONAL DE VIAS
C3: ANÁLISIS DE PRECIOS UNITARIOS DE REFERENCIA REGIONALIZADOS | K3: VERSIÓN | L3: 2021
C5: ACTUALIZACIÓN PERIÓDICA | K5: PÁGINA
K8: FECHA
L9: (Día) | M9: (Mes) | N9: (Año)
B10: ÍTEM BASE DE APU DE REFERENCIA: | E10: ⊠ | F10: PUBLICACIÓN: | H10: =+'[48]690.1.3'!H10 -> 2023 - 2 D/EMBRE 2023
B12: ÍTEM DE PROYECTO PARTICULAR:
B13: ÍTEM DE LA PROPUESTA ECONÓMICA: | E13: □ | H13: ÍTEM NO PREVISTO: | J13: □ | K13: ÍTEM APU PARTICULAR: | M13: □
B14: UNIDAD EJECUTORA: | J14: DIRECCIÓN TERRITORIAL:
B17: CONTRATO No. | D17: FECHA:
B18: OBJETO DEL CONTRATO:
B21: CARRETERA: | J21: SECTOR:
B23: CONTRATISTA: | C23: 7009-7009A-55NS08
B25: INTERVENTOR: | K25: CONTRATO No. | M25: FECHA: | N25: ______________
B27: FECHA DE CIERRE DEL PROCESO DE SELECCIÓN DEL CONTRATO: | I27: / | J27: /
F28: (Día) | H28: (Día) | I28: (Mes) | J28: (Año)
B30: DATOS ESPECÍFICOS
B32: ÍTEM | C32: DESCRIPCIÓN | J32: GRUPO DE AJUSTE | L32: UNIDAD | N32: CANTIDAD
B33: 700.1 | C33: LÍNEA DE DEMARCACIÓN CON PINTURA EN FRÍO | L33: m
B35: I. EQUIPO
B37: CÓDIGO | C37: DESCRIPCIÓN | J37: TIPO | K37: TARIFA/HORA | L37: RENDIMIENTO | N37: Vr. UNITARIO
B38: C0010120 | C38: Camioneta de estacas 4x4 | K38: =IFERROR(VLOOKUP(B38,[48]EQUIPOS!$C$6:$G$155,5,0),0) -> 32142.118 | L38: =1/1692.25 -> 0.00059092924 | N38: =K38*L38 -> 18.993717
B39: C0010920 | C39: Vehículo delineador para aplicación de pintura con mínimo 2 boquillas (NTC 4744-2) | K39: =VLOOKUP(B39,[48]EQUIPOS!$C$6:$G$137,5,0) -> 178500 | L39: =1/1692.25 -> 0.00059092924 | N39: =K39*L39 -> 105.48087
N40: =K40*L40 -> 0
N41: =K41*L41 -> 0
N42: =K42*L42 -> 0
N43: =K43*L43 -> 0
N44: =K44*L44 -> 0
N45: =K45*L45 -> 0
N46: =K46*L46 -> 0
N47: =K47*L47 -> 0
N48: =K48*L48 -> 0
N49: =K49*L49 -> 0
N50: =K50*L50 -> 0
N51: =K51*L51 -> 0
C52: HERRAMIENTA MENOR (%) | L52: 0.05 | N52: =L52*N98 -> 1.2417147
B53: SUBTOTAL $ | N53: =SUM(N38:N52) -> 125.7163
B55: II. MATERIALES
B57: CÓDIGO | C57: DESCRIPCIÓN | J57: UNIDAD | K57: CANTIDAD | L57: PRECIO UNIT. | N57: Vr. UNITARIO
B58: B0013940 | C58: Microesferas reflectivas de vidrio | J58: kg | K58: 0.0532 | L58: =VLOOKUP(B58,[48]MATERIALES!$C$6:$F$373,4,0) -> 15585.43 | N58: =K58*L58 -> 829.14488
B59: B0014740 | C59: Pintura acrílica pura para demarcacion vial. | J59: gl | K59: 0.013 | L59: =VLOOKUP(B59,[48]MATERIALES!$C$6:$F$373,4,0) -> 113037 | N59: =K59*L59 -> 1469.481
B60: B014002 | C60: Disolvente para pintura de demarcacion vial (XILOL) | J60: gl | K60: 0.00043 | L60: =VLOOKUP(B60,[48]MATERIALES!$C$6:$F$373,4,0) -> 68074.668 | N60: =K60*L60 -> 29.272107
N61: =K61*L61 -> 0
N62: =K62*L62 -> 0
N63: =K63*L63 -> 0
N64: =K64*L64 -> 0
N65: =K65*L65 -> 0
N66: =K66*L66 -> 0
N67: =K67*L67 -> 0
N68: =K68*L68 -> 0
N69: =K69*L69 -> 0
N70: =K70*L70 -> 0
N71: =K71*L71 -> 0
N72: =K72*L72 -> 0
B73: SUBTOTAL $ | N73: =SUM(N58:N72) -> 2327.898
B75: III. TRANSPORTES
B77: CÓDIGO | C77: DESCRIPCIÓN | I77: UNIDAD | J77: CANTIDAD (1) | K77: DISTANCIA (2) | L77: (1) * (2) | M77: TARIFA | N77: Vr. UNITARIO
N78: =L78*M78 -> 0
N79: =L79*M79 -> 0
N80: =L80*M80 -> 0
N81: =L81*M81 -> 0
N82: =L82*M82 -> 0
B83: SUBTOTAL $ | N83: =SUM(N78:N82) -> 0
B85: IV. MANO DE OBRA
B87: CÓDIGO | C87: DESCRIPCIÓN | I87: JORNAL | J87: PRESTACIONES (%) | K87: JR. TOTAL | L87: RENDIMIENTO | N87: Vr. UNITARIO
B88: A0030030 | C88: Obrero (3) | I88: =K88/J88*100 -> 116000 | J88: 185 | K88: =VLOOKUP(B88,'[48]MANO DE OBRA'!$C$15:$F$79,4,0) -> 214600 | L88: 13538 | N88: =K88/L88 -> 15.851677
B89: A0040010 | C89: Oficial | I89: =K89/J89*100 -> 65733.333 | J89: 185 | K89: =VLOOKUP(B89,'[48]MANO DE OBRA'!$C$15:$F$79,4,0) -> 121606.67 | L89: 13538 | N89: =K89/L89 -> 8.9826168
B98: SUBTOTAL $ | N98: =SUM(N88:N97) -> 24.834294
B100: TOTAL COSTO DIRECTO $ | N100: =N53+N73+N83+N98 -> 2478.4486
B102: V. COSTOS INDIRECTOS
B104: DESCRIPCIÓN | K104: Porcentaje | L104: Valor Total
B105: ADMINISTRACION | K105: 0.2 | L105: =K105*N100 -> 495.68972
B106: IMPREVISTOS | K106: 0.05 | L106: =K106*N100 -> 123.92243
B107: UTILIDAD | K107: 0.05 | L107: =K107*N100 -> 123.92243
B108: SUBTOTAL $ | N108: =L105+L106+L107 -> 743.53458
B110: Precio Unitario Total Aproximado al Peso $ | N110: =N100+N108 -> 3221.9832
E115: Firma
E116: Nombre:
E117: Representante Legal del Contratista o su Apoderado
E118: Matricula No. :
B120: OBSERVACIONES INTERVENTORÍA:
B125: APROBACIÓN POR INTERVENTORÍA
B126: Nota 1: Cuando se trate de Análisis de precios unitarios correspondientes a ítems de la propuesta económica aprobada, el Interventor aprueba el desglose de los componentes manteniendo el mismo precio unitario de cada ítem, cumpliendo con las especificaciones de construcción vigentes para el proyecto.
B128: Nota 2: Cuando se trate de Análisis de precios unitarios de ítems no previstos, el Interventor aprueba el desglose y precio unitario de cada ítem no previsto, exigiendo la aplicación de los costos correspondientes a insumos y tarifas de la propuesta económica inicial cuando estén contemplados, cumpliendo con las especificaciones de construcción vigente para el proyecto.
E134: Firma
E135: Nombre:
E136: Representante Legal del Interventor o su Apoderado
E137: Matricula No. :
B139: NOTA: Los documentos publicados periódicamente son propiedad del Instituto Nacional de Vías. Su uso con fines comerciales o de lucro a cualquier título sin previa autorización, está totalmente prohibido y constituye una infracción a la normatividad vigente.

Sheet 700.3
K1: CÓDIGO | L1: FR-APU-1
C2: INSTITUTO NACIONAL DE VIAS
C3: ANÁLISIS DE PRECIOS UNITARIOS DE REFERENCIA REGIONALIZADOS | K3: VERSIÓN | L3: 2021
C5: ACTUALIZACIÓN PERIÓDICA | K5: PÁGINA
K8: FECHA
L9: (Día) | M9: (Mes) | N9: (Año)
B10: ÍTEM BASE DE APU DE REFERENCIA: | E10: ⊠ | F10: PUBLICACIÓN: | H10: =+'[48]700.2'!H10 -> 2023 - 2 D/EMBRE 2023
B12: ÍTEM DE PROYECTO PARTICULAR:
B13: ÍTEM DE LA PROPUESTA ECONÓMICA: | E13: □ | H13: ÍTEM NO PREVISTO: | J13: □ | K13: ÍTEM APU PARTICULAR: | M13: □
B14: UNIDAD EJECUTORA: | J14: DIRECCIÓN TERRITORIAL:
B17: CONTRATO No. | D17: FECHA:
B18: OBJETO DEL CONTRATO:
B21: CARRETERA: | C21: ='700.1'!C23 -> 7009-7009A-55NS08 | J21: SECTOR:
B23: CONTRATISTA:
B25: INTERVENTOR: | K25: CONTRATO No. | M25: FECHA: | N25: ______________
B27: FECHA DE CIERRE DEL PROCESO DE SELECCIÓN DEL CONTRATO: | I27: / | J27: /
F28: (Día) | H28: (Día) | I28: (Mes) | J28: (Año)
B30: DATOS ESPECÍFICOS
B32: ÍTEM | C32: DESCRIPCIÓN | J32: GRUPO DE AJUSTE | L32: UNIDAD | N32: CANTIDAD
B33: 700.3 | C33: MARCA VIAL CON PINTURA EN FRÍO | L33: m2
B35: I. EQUIPO
B37: CÓDIGO | C37: DESCRIPCIÓN | J37: TIPO | K37: TARIFA/HORA | L37: RENDIMIENTO | N37: Vr. UNITARIO
B38: C0010350 | C38: Equipo de pintura (Compresor). Presión máxima de trabajo 7 HP | K38: =IFERROR(VLOOKUP(B38,[48]EQUIPOS!$C$6:$G$155,5,0),0) -> 7174.5798 | L38: =1/10 -> 0.1 | N38: =K38*L38 -> 717.45798
B39: C0010120 | C39: Camioneta de estacas 4x4 | K39: =VLOOKUP(B39,[48]EQUIPOS!$C$6:$G$137,5,0) -> 32142.118 | L39: =1/10 -> 0.1 | N39: =K39*L39 -> 3214.2118
N40: =K40*L40 -> 0
N41: =K41*L41 -> 0
N42: =K42*L42 -> 0
N43: =K43*L43 -> 0
N44: =K44*L44 -> 0
N45: =K45*L45 -> 0
N46: =K46*L46 -> 0
N47: =K47*L47 -> 0
N48: =K48*L48 -> 0
N49: =K49*L49 -> 0
N50: =K50*L50 -> 0
N51: =K51*L51 -> 0
C52: HERRAMIENTA MENOR (%) | L52: 0.05 | N52: =L52*N98 -> 210.12917
B53: SUBTOTAL $ | N53: =SUM(N38:N52) -> 4141.7989
B55: II. MATERIALES
B57: CÓDIGO | C57: DESCRIPCIÓN | J57: UNIDAD | K57: CANTIDAD | L57: PRECIO UNIT. | N57: Vr. UNITARIO
B58: B0013940 | C58: Microesferas reflectivas de vidrio | J58: kg | K58: 0.4804 | L58: =VLOOKUP(B58,[48]MATERIALES!$C$6:$F$373,4,0) -> 15585.43 | N58: =K58*L58 -> 7487.2406
B59: B014002 | C59: Disolvente para pintura de demarcacion vial (XILOL) | J59: gl | K59: 0.0652 | L59: =VLOOKUP(B59,[48]MATERIALES!$C$6:$F$373,4,0) -> 68074.668 | N59: =K59*L59 -> 4438.4684
B60: B0014740 | C60: Pintura acrílica pura para demarcacion vial. | J60: gl | K60: 0.1293 | L60: =VLOOKUP(B60,[48]MATERIALES!$C$6:$F$373,4,0) -> 113037 | N60: =K60*L60 -> 14615.684
N61: =K61*L61 -> 0
N62: =K62*L62 -> 0
N63: =K63*L63 -> 0
N64: =K64*L64 -> 0
N65: =K65*L65 -> 0
N66: =K66*L66 -> 0
N67: =K67*L67 -> 0
N68: =K68*L68 -> 0
N69: =K69*L69 -> 0
N70: =K70*L70 -> 0
N71: =K71*L71 -> 0
N72: =K72*L72 -> 0
B73: SUBTOTAL $ | N73: =SUM(N58:N72) -> 26541.393
B75: III. TRANSPORTES
B77: CÓDIGO | C77: DESCRIPCIÓN | I77: UNIDAD | J77: CANTIDAD (1) | K77: DISTANCIA (2) | L77: (1) * (2) | M77: TARIFA | N77: Vr. UNITARIO
N78: =L78*M78 -> 0
N79: =L79*M79 -> 0
N80: =L80*M80 -> 0
N81: =L81*M81 -> 0
N82: =L82*M82 -> 0
B83: SUBTOTAL $ | N83: =SUM(N78:N82) -> 0
B85: IV. MANO DE OBRA
B87: CÓDIGO | C87: DESCRIPCIÓN | I87: JORNAL | J87: PRESTACIONES (%) | K87: JR. TOTAL | L87: RENDIMIENTO | N87: Vr. UNITARIO
B88: A0030030 | C88: Obrero (3) | I88: =K88/J88*100 -> 116000 | J88: 185 | K88: =VLOOKUP(B88,'[48]MANO DE OBRA'!$C$15:$F$79,4,0) -> 214600 | L88: 80 | N88: =K88/L88 -> 2682.5
B89: A0040010 | C89: Oficial | I89: =K89/J89*100 -> 65733.333 | J89: 185 | K89: =VLOOKUP(B89,'[48]MANO DE OBRA'!$C$15:$F$79,4,0) -> 121606.67 | L89: 80 | N89: =K89/L89 -> 1520.0833
B98: SUBTOTAL $ | N98: =SUM(N88:N97) -> 4202.5833
B100: TOTAL COSTO DIRECTO $ | N100: =N53+N73+N83+N98 -> 34885.775
B102: V. COSTOS INDIRECTOS
B104: DESCRIPCIÓN | K104: Porcentaje | L104: Valor Total
B105: ADMINISTRACION | K105: 0.2 | L105: =K105*N100 -> 6977.1551
B106: IMPREVISTOS | K106: 0.05 | L106: =K106*N100 -> 1744.2888
B107: UTILIDAD | K107: 0.05 | L107: =K107*N100 -> 1744.2888
B108: SUBTOTAL $ | N108: =L105+L106+L107 -> 10465.733
B110: Precio Unitario Total Aproximado al Peso $ | N110: =N100+N108 -> 45351.508
E115: Firma
E116: Nombre:
E117: Representante Legal del Contratista o su Apoderado
E118: Matricula No. :
B120: OBSERVACIONES INTERVENTORÍA:
B125: APROBACIÓN POR INTERVENTORÍA
B126: Nota 1: Cuando se trate de Análisis de precios unitarios correspondientes a ítems de la propuesta económica aprobada, el Interventor aprueba el desglose de los componentes manteniendo el mismo precio unitario de cada ítem, cumpliendo con las especificaciones de construcción vigentes para el proyecto.
B128: Nota 2: Cuando se trate de Análisis de precios unitarios de ítems no previstos, el Interventor aprueba el desglose y precio unitario de cada ítem no previsto, exigiendo la aplicación de los costos correspondientes a insumos y tarifas de la propuesta económica inicial cuando estén contemplados, cumpliendo con las especificaciones de construcción vigente para el proyecto.
E134: Firma
E135: Nombre:
E136: Representante Legal del Interventor o su Apoderado
E137: Matricula No. :
B139: NOTA: Los documentos publicados periódicamente son propiedad del Instituto Nacional de Vías. Su uso con fines comerciales o de lucro a cualquier título sin previa autorización, está totalmente prohibido y constituye una infracción a la normatividad vigente.

Sheet 710.1.1
K1: CÓDIGO | L1: FR-APU-1
C2: INSTITUTO NACIONAL DE VIAS
C3: ANÁLISIS DE PRECIOS UNITARIOS DE REFERENCIA REGIONALIZADOS | K3: VERSIÓN | L3: 2021
C5: ACTUALIZACIÓN PERIÓDICA | K5: PÁGINA
K8: FECHA
L9: (Día) | M9: (Mes) | N9: (Año)
B10: ÍTEM BASE DE APU DE REFERENCIA: | E10: ⊠ | F10: PUBLICACIÓN: | H10: =+'[48]701.1.2'!H10 -> 2023 - 2 D/EMBRE 2023
B12: ÍTEM DE PROYECTO PARTICULAR:
B13: ÍTEM DE LA PROPUESTA ECONÓMICA: | E13: □ | H13: ÍTEM NO PREVISTO: | J13: □ | K13: ÍTEM APU PARTICULAR: | M13: □
B14: UNIDAD EJECUTORA: | J14: DIRECCIÓN TERRITORIAL:
B17: CONTRATO No. | D17: FECHA:
B18: OBJETO DEL CONTRATO:
B21: CARRETERA: | C21: ='700.1'!C23 -> 7009-7009A-55NS08 | J21: SECTOR:
B23: CONTRATISTA:
B25: INTERVENTOR: | K25: CONTRATO No. | M25: FECHA: | N25: ______________
B27: FECHA DE CIERRE DEL PROCESO DE SELECCIÓN DEL CONTRATO: | I27: / | J27: /
F28: (Día) | H28: (Día) | I28: (Mes) | J28: (Año)
B30: DATOS ESPECÍFICOS
B32: ÍTEM | C32: DESCRIPCIÓN | J32: GRUPO DE AJUSTE | L32: UNIDAD | N32: CANTIDAD
B33: 710.1.1 | C33: SEÑAL VERTICAL DE TRANSITO TIPO I DIIMENSIONES 75X75 CM CON LAMINA RETRORREFLECTIVA TIPO IV (Analizado para señal tipo sr, sp y/o si, dimension 75x75 cm en lámina galvanizada con lamina retrorreflectiva tipo IV) | L33: u | N33: =OBRA!I18 -> 20
B35: I. EQUIPO
B37: CÓDIGO | C37: DESCRIPCIÓN | J37: TIPO | K37: TARIFA/HORA | L37: RENDIMIENTO | N37: Vr. UNITARIO
B38: C0010120 | C38: Camioneta de estacas 4x4 | K38: =IFERROR(VLOOKUP(B38,[48]EQUIPOS!$C$6:$G$155,5,0),0) -> 32142.118 | L38: =1/4 -> 0.25 | N38: =K38*L38 -> 8035.5294
N39: =K39*L39 -> 0
N40: =K40*L40 -> 0
N41: =K41*L41 -> 0
N42: =K42*L42 -> 0
N43: =K43*L43 -> 0
N44: =K44*L44 -> 0
N45: =K45*L45 -> 0
N46: =K46*L46 -> 0
N47: =K47*L47 -> 0
N48: =K48*L48 -> 0
N49: =K49*L49 -> 0
N50: =K50*L50 -> 0
N51: =K51*L51 -> 0
C52: HERRAMIENTA MENOR (%) | L52: 0.05 | N52: =L52*N98 -> 525.32292
B53: SUBTOTAL $ | N53: =SUM(N38:N52) -> 8560.8523
B55: II. MATERIALES
B57: CÓDIGO | C57: DESCRIPCIÓN | J57: UNIDAD | K57: CANTIDAD | L57: PRECIO UNIT. | N57: Vr. UNITARIO
B58: B0014800 | C58: Poste para señal de tránsito en ángulo de hierro de 2" x 2" x 1/4" de 3.5m. | J58: u | K58: 1 | L58: =VLOOKUP(B58,[48]MATERIALES!$C$6:$F$373,4,0) -> 214140.5 | N58: =K58*L58 -> 214140.5
B59: B0014930 | C59: Señal SR, SP y/o SI, tablero en lámina galvanizada de 75x75 cm, calibre 16, retrorreflectiva tipo IX. | J59: u | K59: 1 | L59: =VLOOKUP(B59,[48]MATERIALES!$C$6:$F$373,4,0) -> 499800 | N59: =K59*L59 -> 499800
B60: B0123650 | C60: Concreto resistencia 21 MPa | J60: =+'[48]710.1.2'!J60 -> m3 | K60: =+'[48]710.1.2'!K60 -> 0.0334 | L60: =VLOOKUP(B60,[48]MATERIALES!$C$6:$F$373,4,0) -> 400000 | N60: =K60*L60 -> 13360
N61: =K61*L61 -> 0
N62: =K62*L62 -> 0
N63: =K63*L63 -> 0
N64: =K64*L64 -> 0
N65: =K61*L61 -> 0
N66: =K66*L66 -> 0
N67: =K67*L67 -> 0
N68: =K68*L68 -> 0
N69: =K69*L69 -> 0
N70: =K70*L70 -> 0
N71: =K71*L71 -> 0
N72: =K72*L72 -> 0
B73: SUBTOTAL $ | N73: =SUM(N58:N72) -> 727300.5
B75: III. TRANSPORTES
B77: CÓDIGO | C77: DESCRIPCIÓN | I77: UNIDAD | J77: CANTIDAD (1) | K77: DISTANCIA (2) | L77: (1) * (2) | M77: TARIFA | N77: Vr. UNITARIO
B78: T0010009 | C78: Transporte de concreto | I78: m3-km | J78: =K60 -> 0.0334 | K78: 1 | L78: =J78*K78 -> 0.0334 | M78: =VLOOKUP(B78,[48]TRANSPORTE!$C$6:$F$40,4,0) -> 1434.4803 | N78: =L78*M78 -> 47.911644
N79: =L79*M79 -> 0
N80: =L80*M80 -> 0
N81: =L81*M81 -> 0
N82: =L82*M82 -> 0
B83: SUBTOTAL $ | N83: =SUM(N78:N82) -> 47.911644
B85: IV. MANO DE OBRA
B87: CÓDIGO | C87: DESCRIPCIÓN | I87: JORNAL | J87: PRESTACIONES (%) | K87: JR. TOTAL | L87: RENDIMIENTO | N87: Vr. UNITARIO
B88: A0040010 | C88: Oficial | I88: =K88/J88*100 -> 65733.333 | J88: 185 | K88: =VLOOKUP(B88,'[48]MANO DE OBRA'!$C$15:$F$79,4,0) -> 121606.67 | L88: 32 | N88: =K88/L88 -> 3800.2083
B89: A0030030 | C89: Obrero (3) | I89: =K89/J89*100 -> 116000 | J89: 185 | K89: =VLOOKUP(B89,'[48]MANO DE OBRA'!$C$15:$F$79,4,0) -> 214600 | L89: 32 | N89: =K89/L89 -> 6706.25
B98: SUBTOTAL $ | N98: =SUM(N88:N97) -> 10506.458
B100: TOTAL COSTO DIRECTO $ | N100: =N53+N73+N83+N98 -> 746415.72
B102: V. COSTOS INDIRECTOS
B104: DESCRIPCIÓN | K104: Porcentaje | L104: Valor Total
B105: ADMINISTRACION | K105: 0.2 | L105: =K105*N100 -> 149283.14
B106: IMPREVISTOS | K106: 0.05 | L106: =K106*N100 -> 37320.786
B107: UTILIDAD | K107: 0.05 | L107: =K107*N100 -> 37320.786
B108: SUBTOTAL $ | N108: =L105+L106+L107 -> 223924.72
B110: Precio Unitario Total Aproximado al Peso $ | N110: =N100+N108 -> 970340.44
E115: Firma
E116: Nombre:
E117: Representante Legal del Contratista o su Apoderado
E118: Matricula No. :
B120: OBSERVACIONES INTERVENTORÍA:
B125: APROBACIÓN POR INTERVENTORÍA
B126: Nota 1: Cuando se trate de Análisis de precios unitarios correspondientes a ítems de la propuesta económica aprobada, el Interventor aprueba el desglose de los componentes manteniendo el mismo precio unitario de cada ítem, cumpliendo con las especificaciones de construcción vigentes para el proyecto.
B128: Nota 2: Cuando se trate de Análisis de precios unitarios de ítems no previstos, el Interventor aprueba el desglose y precio unitario de cada ítem no previsto, exigiendo la aplicación de los costos correspondientes a insumos y tarifas de la propuesta económica inicial cuando estén contemplados, cumpliendo con las especificaciones de construcción vigente para el proyecto.
E134: Firma
E135: Nombre:
E136: Representante Legal del Interventor o su Apoderado
E137: Matricula No. :
B139: NOTA: Los documentos publicados periódicamente son propiedad del Instituto Nacional de Vías. Su uso con fines comerciales o de lucro a cualquier título sin previa autorización, está totalmente prohibido y constituye una infracción a la normatividad vigente.

Sheet 900.4
J1: CÓDIGO | K1: MINFRA-MN-IN-10-FR-1
C2: INSTITUTO NACIONAL DE VIAS
C3: PROCESO GESTIÓN DE LA INFRAESTRUCTURA VIAL | J3: VERSIÓN | K3: 1
C4: MANUAL DE INTERVENTORÍA OBRA PÚBLICA
C5: ANÁLISIS DE PRECIOS UNITARIOS | J5: PÁGINA | L5: DE
J8: FECHA
K9: (Día) | L9: (Mes) | M9: (Año)
B10: ITEMS DE LA PROPUESTA ECONÓMICA | H10: ITEMS NO PREVISTOS
B11: UNIDAD EJECUTORA: | C11: =#REF! -> #REF! | I11: DIRECCIÓN TERRITORIAL: | J11: NORTE DE SANTANDER
B14: CONTRATO No. | D14: DE
B15: OBJETO DEL CONTRATO: | C15: =OBRA!E7 -> OBRAS DE SEÑALIZACION HORIZONTAL Y VERTICAL DE LA CARRETERA 7009 ACCESO A CÚCUTA Y VENEZUELA, SECTOR SARDINATA - EL ZULIA DEL PR0+0000 - PR57+0600, CARRETERA 7009A CONEXIONES TRONCAL CENTRAL - TRONCAL CENTRAL DEL NORTE, SECTOR CORNEJO - ZULIA DEL PR70+0000 AL PR75+0000 Y CARRETERA 55NS08 CONEXIONES TRONCAL CENTRAL - TRONCAL CENTRAL DEL NORTE, SECTOR SAN CAYETANO -CORNEJO DEL PR25+0000 AL PR33+0000, DIRECCIÓN TERRITORIAL NORTE DE SANTANDER.
B18: CARRETERA: | C18: =#REF! -> #REF! | I18: SECTOR: | J18: =#REF! -> #REF!
B20: CONTRATISTA:
B22: INTERVENTOR: | J22: CTO No.: | L22: DE
B24: FECHA CIERRE PROCESO DE SELECCIÓN CONTRATO DE OBRA:
F25: (Día) | H25: (Mes) | I25: (Año)
B27: DATOS ESPECÍFICOS
A29: CÓDIGO | B29: ITEM | C29: DESCRIPCIÓN | J29: GRUPO DE AJUSTE | K29: UNIDAD | M29: CANTIDAD
B30: 900.4 | C30: TRANSPORTE DE MEZCLA ASFALTICA, MEDIDO A APARTIR DE CIEN METROS (100 m) | K30: m3-km
B32: I. EQUIPO
B34: DESCRIPCIÓN | H34: TIPO | J34: TARIFA/HORA | K34: RENDIMIENTO | M34: Vr. UNITARIO
B35: Volqueta 6 m3 | J35: 85000 | K35: 66 | M35: =IFERROR(J35/K35,"") -> 1287.8788
M36: =IFERROR(J36/K36,"")
M37: =IFERROR(J37/K37,"")
M38: =IFERROR(J38/K38,"")
M39: =IFERROR(J39/K39,"")
M40: =IFERROR(J40/K40,"")
M41: =IFERROR(J41/K41,"")
M42: =IFERROR(J42/K42,"")
B43: HERRAMIENTA MENOR (%MO) | K43: 0.02 | M43: =K43*M74 -> 0
B44: SUBTOTAL $ | M44: =SUM(M35:M43) -> 1287.8788
B46: II. MATERIALES
B48: DESCRIPCIÓN | I48: UNIDAD | J48: CANTIDAD | K48: PRECIO UNIT. | M48: Vr. UNITARIO
J49: 1 | M49: =IFERROR(J49*K49,"")
M50: =IFERROR(J50*K50,"")
M51: =IFERROR(J51*K51,"")
M52: =IFERROR(J52*K52,"")
M53: =IFERROR(J53*K53,"")
M54: =IFERROR(J54*K54,"")
M56: =IFERROR(J56*K56,"")
B58: SUBTOTAL $ | M58: =SUM(M49:M57) -> 0
B60: III. TRANSPORTES
B62: MATERIAL | G62: UNIDAD | H62: CANTIDAD (1) | I62: DISTANCIA (2) | J62: CANTIDAD * DISTANCIA (1) * (2) | K62: TARIFA | M62: Vr. UNITARIO
M63: =IFERROR(J63*K63,"")
M64: =IFERROR(J64*K64,"")
B66: SUBTOTAL $ | M66: =SUM(M63:M65) -> 0
B68: IV. MANO DE OBRA
B70: DESCRIPCIÓN | H70: JORNAL | I70: PRESTACIONES | J70: JORNAL TOTAL | K70: RENDIMIENTO | M70: Vr. UNITARIO
H71: =IFERROR(J71/I71,"") | M71: =IFERROR(J71/K71,"")
H72: =IFERROR(J72/I72,"") | M72: =IFERROR(J72/K72,"")
H73: =IFERROR(J73/I73,"") | M73: =IFERROR(J73/K73,"")
B74: SUBTOTAL $ | M74: =SUM(M71:M73) -> 0
B76: TOTAL COSTO DIRECTO $ | M76: =M44+M58+M66+M74 -> 1287.8788
B78: V. COSTOS INDIRECTOS
A79: A0040010
B80: DESCRIPCIÓN | J80: Porcentaje | K80: Valor Total
B81: ADMINISTRACIÓN | J81: =OBRA!K26 -> 0.2 | K81: =M76*J81 -> 257.57576
B82: IMPREVISTOS | J82: =OBRA!K27 -> 0.05 | K82: =M76*J82 -> 64.393939
B83: UTILIDAD | J83: =OBRA!K28 -> 0.05 | K83: =M76*J83 -> 64.393939
B84: SUBTOTAL $ | M84: =SUM(K81:L83) -> 386.36364
B86: Precio Unitario Total Aproximado al peso $ | M86: =ROUND(M76+M84,0) -> 1674
E91: Firma
E92: Nombre:
E93: Representante Legal del Contratista o su Apoderado
E94: Matricula No. :
B96: OBSERVACIONES INTERVENTORÍA:
B101: APROBACIÓN POR INTERVENTORÍA
B102: Nota 1: Cuando se trate de Análisis de precios unitarios correspondientes a ítems de la propuesta económica aprobada, el Interventor aprueba el desglose de los componentes manteniendo el mismo precio unitario de cada ítem, cumpliendo con las especificaciones de construcción vigentes para el proyecto.
B104: Nota 2: Cuando se trate de Análisis de precios unitarios de ítems no previstos, el Interventor aprueba el desglose y precio unitario de cada ítem no previsto, exigiendo la aplicación de los costos correspondientes a insumos y tarifas de la propuesta económica inicial cuando estén contemplados, cumpliendo con las especificaciones de construcción vigente para el proyecto.
E110: Firma
E111: Nombre:
E112: Representante Legal del Interventor o su Apoderado
E113: Matricula No. :
B115: Original: Archivo de Gestión del Contrato (Subdirección Administrativa).
B116: Copias: Unidad Ejecutora, Contratista, Interventor y Dirección Territorial.
